 Dungeon Crawl Stone Soup version 0.21.1-1-g345015fe64 (webtiles) character file.

42284 Jannitor the Fighter (level 13, -5/66 HPs)
             Began as a Felid Chaos Knight on May 14, 2018.
             Slain by a blizzard demon (11 damage)
             ... on level 2 of the Abyss.
             The game lasted 01:39:19 (41447 turns).

Jannitor the Fighter (Felid Chaos Knight)          Turns: 41447, Time: 01:39:20

Health: -5/66      AC: 30    Str:  6    XL:     13   Next: 84%
Magic:  21/21      EV: 27    Int: 18    God:    Xom [..*...]
Gold:   1669       SH:  0    Dex: 18    Spells: 5/24 levels left
                                        Lives:  0   Deaths: 4

rFire    . . .     SeeInvis +     - Unarmed
rCold    . . .     Gourm    .   (shield unavailable)
rNeg     + . .     Faith    .   (armour unavailable)
rPois    ∞         Spirit   .   (helmet unavailable)
rElec    +         Reflect  .   (cloak unavailable)
rCorr    +         Harm     .   (gloves unavailable)
MR       ++...     Rnd*Rage +   (boots unavailable)
Stlth    ++++......             h - amulet of magic regeneration
HPRegen  0.21/turn              t - ring of resist corrosion
MPRegen  0.42/turn              L - +5 ring of protection

@: statue-form, very slow
A: very small, no armour, no weapons or thrown items, stealth, claws 1, fangs 3,
thin skeletal structure 1, see invisible, [berserk 2], carnivore, frail 2, high
mp 1, [low mp 2], magic resistance 1, screaming 1[+1], slow metabolism 1, weak
1, [no potion heal 2], [MP-powered wands], sharp paws
a: End Transformation, Renounce Religion


You were on level 2 of the Abyss.
You worshipped Xom.
You were a toy of Xom.
You were not hungry.
You were a stone statue.
You visited 5 branches of the dungeon, and saw 25 of its levels.
You visited the Abyss 1 time.
You also visited: Ossuary.

You collected 2494 gold pieces.
You spent 825 gold pieces at shops.

Inventory:

Hand Weapons
 G - a +0 flail
Jewellery
 h - an amulet of magic regeneration (around neck)
 o - an uncursed ring of positive energy
 t - a ring of resist corrosion (left paw)
 B - an uncursed ring of protection from fire
 C - a +3 ring of intelligence {unknown}
 L - a +5 ring of protection (right paw)
Wands
 c - a wand of random effects (48)
 d - a wand of enslavement (6)
 f - a wand of polymorph (31)
 i - a wand of flame (56)
 l - a wand of iceblast (3)
 x - a wand of disintegration (10)
 K - a wand of digging (15)
 U - a wand of paralysis (15)
Scrolls
 e - 4 scrolls of magic mapping
 g - 6 scrolls of amnesia
 k - a scroll of blinking
 m - 13 scrolls of remove curse
 r - 10 scrolls of identify
 v - 2 scrolls of teleportation
 D - a scroll of fear
Potions
 b - 2 potions of magic
 n - 6 potions of flight
 q - 2 potions of curing
 s - a potion of ambrosia
 u - 4 potions of brilliance
 w - 4 potions of cancellation
Books
 p - a book of Frost

   Spells                             Type                      Level
   a - Freeze                         Ice                          1
   b - Throw Frost                    Conjuration/Ice              2
   c - Ozocubu's Armour               Charms/Ice                   3
   d - Throw Icicle                   Conjuration/Ice              4
   e - Summon Ice Beast               Ice/Summoning                4
 y - a book of Maledictions

   Spells                             Type                      Level
   a - Corona                         Hexes                        1
   b - Ensorcelled Hibernation        Hexes/Ice                    2
   c - Confuse                        Hexes                        3
   d - Tukima's Dance                 Hexes                        3
   e - Dazzling Spray                 Conjuration/Hexes            3
 z - a book of Enchantments

   Spells                             Type                      Level
   a - Cause Fear                     Hexes                        4
   b - Yara's Violent Unravelling     Hexes/Transmutation          5
   c - Silence                        Hexes/Air                    5
   d - Deflect Missiles               Charms/Air                   6
   e - Discord                        Hexes                        8
 A - Useladoti's Catalogue of Heat
   (You found it on level 4 of the Lair of Beasts)

   Spells                             Type                      Level
   a - Conjure Flame                  Conjuration/Fire             3
   b - Sticky Flame                   Conjuration/Fire             4
   c - Ignition                       Fire                         8
 F - a book of Transfigurations

   Spells                             Type                      Level
   a - Irradiate                      Conjuration/Transmutation    5
   b - Statue Form                    Transmutation/Earth          6
   c - Hydra Form                     Transmutation                6
   d - Dragon Form                    Transmutation                7
 H - a book of Power

   Spells                             Type                      Level
   a - Iskenderun's Battlesphere      Conjuration/Charms           5
   b - Venom Bolt                     Conjuration/Poison           5
   c - Bolt of Magma                  Conjuration/Fire/Earth       5
   d - Iron Shot                      Conjuration/Earth            6
   e - Orb of Destruction             Conjuration                  7
   f - Spellforged Servitor           Conjuration/Summoning        7
 J - a book of Burglary

   Spells                             Type                      Level
   a - Swiftness                      Charms/Air                   2
   b - Passwall                       Transmutation/Earth          2
   c - Passage of Golubria            Translocation                4
   d - Lee's Rapid Deconstruction     Earth                        5
   e - Darkness                       Hexes                        6
   f - Invisibility                   Hexes                        6
 O - a book of Geomancy

   Spells                             Type                      Level
   a - Sandblast                      Earth                        1
   b - Passwall                       Transmutation/Earth          2
   c - Stone Arrow                    Conjuration/Earth            3
   d - Petrify                        Transmutation/Earth          4
   e - Lee's Rapid Deconstruction     Earth                        5
 Q - a book of Misfortune

   Spells                             Type                      Level
   a - Confusing Touch                Hexes                        1
   b - Confuse                        Hexes                        3
   c - Gell's Gravitas                Translocation                3
   d - Petrify                        Transmutation/Earth          4
   e - Metabolic Englaciation         Hexes/Ice                    5
   f - Yara's Violent Unravelling     Hexes/Transmutation          5
 R - a book of Air

   Spells                             Type                      Level
   a - Shock                          Conjuration/Air              1
   b - Swiftness                      Charms/Air                   2
   c - Static Discharge               Conjuration/Air              3
   d - Airstrike                      Air                          4
   e - Lightning Bolt                 Conjuration/Air              5
Miscellaneous
 I - a fan of gales
Comestibles
 a - 64 rations


   Skills:
 + Level 12.0 Fighting
 + Level 11.1 Dodging
 - Level 6.4 Stealth
 - Level 7.3 Unarmed Combat
 - Level 6.1 Spellcasting
 + Level 4.1 Conjurations
 - Level 8.1 Charms
 - Level 10.0 Summonings
 - Level 11.9 Transmutations
 - Level 7.8 Ice Magic
 + Level 11.0 Earth Magic
 - Level 3.5 Evocations


You had 5 spell levels left.
You knew the following spells:

 Your Spells              Type           Power        Failure   Level  Hunger
a - Ozocubu's Armour      Chrm/Ice       ####....     1%          3    ##.....
b - Summon Ice Beast      Ice/Summ       #####...     3%          4    ####...
c - Statue Form           Tmut/Erth      #####....    16%         6    #######
d - Iron Shot             Conj/Erth      ####......   63%         6    #######


Dungeon Overview and Level Annotations

Branches:
Dungeon (15/15)            Temple (1/1) D:5            Lair (6/6) D:8
  Swamp (0/4) Lair:4       Spider (1/4) Lair:4        Slime (0/5) Lair:6
    Orc (2/2) D:9             Elf (0/3) Orc:2        Vaults (0/5) D:14
 Depths (0/5) D:15

Altars:
Ashenzari
Cheibriados
Dithmenos
Elyvilon
Fedhas
Gozag
Hepliaklqana
Kikubaaqudgha
Makhleb
Nemelex Xobeh
Okawaru
Qazlal
Ru
Sif Muna
Trog
Uskayaw
Vehumet
Wu Jian
Xom
Yredelemnul
Zin
The Shining One

Shops:
D:11 :   Orc:2 :*[

Annotations:
D:1 exclusion: gnoll
D:5 1 runed door, Edmund, Pikel
D:6 Dowan, Duvessa
D:10 exclusions: fire giant and storm dragon
D:12 exclusion: 3 doors
D:13 exclusion: ice statue
Spider:1 Louise
Orc:2 Nessos; Saint Roka; Sonja


Innate Abilities, Weirdness & Mutations

You cannot wear armour.
You are incapable of wielding weapons or throwing items.
Your paws allow you to move quietly. (Stealth)
You have sharp claws.
You have razor-sharp teeth.
You have supernaturally acute eyesight. (SInv)
You are carnivorous and can eat meat at any time.
((You cover ground quickly.))
((Your thick and shaggy fur keeps you warm. (AC +3, rC+)))
You have a slow metabolism.
Your sharp claws are effective at attacking unaware monsters.
((You are partially covered in iridescent scales. (AC +2)))
You have a somewhat thin skeletal structure. (Dex +2, Stealth)
You are very frail. (-20% HP)
You have an increased reservoir of magic. (+10% MP)
You are resistant to hostile enchantments. (MR+)
You are weak. (Str -2)
[You often lose your temper in combat.]
[Your magical capacity is very low. (-20% MP)]
[You sometimes yell uncontrollably at your foes.]
[Potions are poor at restoring your health.]
[You expend magic power (3 MP) to strengthen your wands.]


Message History

The insubstantial wisp misses you.
The insubstantial wisp is engulfed in freezing vapours.
The insubstantial wisp completely misses you.
The blizzard demon barely misses you.
The blizzard demon completely misses you.
Your ice beast hits the insubstantial wisp but does no damage.
You mangle the blizzard demon!!
The blizzard demon is moderately wounded.
You are engulfed in freezing vapours.
You die... "NOOOOOOO, not my toy!"
Xom revives you!
The insubstantial wisp is engulfed in freezing vapours.
The insubstantial wisp completely misses you.
The insubstantial wisp misses you.
The blizzard demon is engulfed in freezing vapours.
The blizzard demon completely misses you.
The blizzard demon hits you!
You die...
Xom roars with laughter!

...##.. ..5#
#.. # # .. .
#..#### #..
.# ###...
#.....
#..#.##..#
.##....# #
##§§ ### .
#2##§#...#
##8Y...#
#...vv#v#.##
#.##.#v
.§..# .. #.
.#..# #. #:
..##.. # .#
.. .. . .#.
. . #..


You could see a blizzard demon, 4 insubstantial wisps and a friendly ice beast.

Vanquished Creatures
  A titan (D:9)
  An ettin (Orc:2)
  Josephine (Orc:1)
  An ogre mage (D:15)
  An ice dragon (Lair:6)
  3 hydras
  10 two-headed ogres
  3 centaur warriors
  A death knight (D:12)
  2 wretched stars (Abyss:2)
  A death drake (shapeshifter) (D:15)
  The ghost of VanClaymore the Martial Artist, a novice OpTm of Jiyva (D:7)
  3 unseen horrors
  A glowing orange brain (Abyss:2)
  An orb spider (Spider:1)
  A wizard (D:12)
  An oklob plant (Lair:1)
  An orc sorcerer (Orc:2)
  3 manticores
  3 wolf spiders (Spider:1)
  7 ugly things
  4 cyclopes
  A manticore (shapeshifter) (D:15)
  7 elephants
  3 black mambas
  Maurice (D:9)
  A guardian serpent (Spider:1)
  7 spiny frogs
  A torpor snail (Lair:6)
  4 komodo dragons
  3 rime drakes
  A demonic crawler (Lair:4)
  3 yaktaurs
  3 ice devils (D:13)
  4 trolls
  2 ancient zymes (Abyss:2)
  A jumping spider (Spider:1)
  A meliai (shapeshifter) (D:15)
  The ghost of Tali the Chopper, an amateur DsBe of Trog (D:4)
  4 hornets
  5 blink frogs
  Prince Ribbit (D:5)
  A large abomination (Abyss:2)
  A tyrant leech (Lair:6)
  11 polar bears
  A meliai zombie (D:15)
  4 raiju (Lair:6)
  4 slime creatures (D:15)
  2 dream sheep
  8 hippogriffs
  3 vampires
  A redback (shapeshifter) (D:15)
  2 shadows
  8 redbacks
  33 yaks
  Sigmund (D:4)
  4 tarantellas
  A human (shapeshifter) (Spider:1)
  A basilisk (Lair:6)
  4 wyverns
  A fire elemental (Lair:4)
  A golden eye (shapeshifter) (D:8)
  4 wraiths (Orc:1)
  A chaos spawn (Abyss:2)
  A redback simulacrum (D:14)
  3 hungry ghosts
  A golden eye (D:8)
  2 vampire mosquitoes (D:15)
  6 wargs
  An acid dragon (D:15)
  9 water moccasins
  6 porcupines
  13 hell hounds (Lair:6)
  5 ice beasts
  15 orc warriors
  4 sky beasts
  A slave (D:5)
  A hornet zombie (D:14)
  An eye of draining (D:13)
  15 black bears
  3 phantoms
  29 wolves
  5 boggarts (D:15)
  10 centaurs
  10 ogres
  11 crocodiles
  2 big kobolds
  Blork the orc (D:6)
  18 bullfrogs
  A scorpion (D:7)
  24 killer bees
  8 electric eels
  4 howler monkeys
  5 crimson imps
  A starcursed mass (Abyss:2)
  2 centaur zombies
  2 quasits
  4 jellies
  3 bullfrog zombies
  14 orc priests
  2 centaur skeletons
  9 hounds
  17 orc wizards
  2 bullfrog skeletons
  An iguana (D:4)
  Ijyb (D:4)
  2 small abominations (Abyss:2)
  2 yak simulacra (Lair:5)
  9 worker ants
  A polar bear simulacrum (Lair:5)
  4 wolf simulacra (Lair:5)
  A big kobold zombie (Ossuary)
  2 hound zombies
  3 hound skeletons
  8 mummies (Ossuary)
  A howler monkey zombie (D:8)
  2 worker ant zombies
  10 gnolls
  13 adders
  2 shadow imps
  5 ufetubi (D:13)
  2 adder zombies
  An adder skeleton (D:4)
  4 worms
  A dart slug (D:3)
  4 leopard geckos
  56 orcs
  10 bats
  8 giant cockroaches
  9 goblins
  7 hobgoblins
  6 jackals
  14 kobolds
  5 quokkas
  A ball python (D:3)
  7 frilled lizards
  2 gnoll zombies (Ossuary)
  A goblin zombie (D:8)
  2 hobgoblin zombies (Ossuary)
  A jackal zombie (D:5)
  2 kobold zombies (Ossuary)
  An orc zombie (Ossuary)
  3 rats
  A rat zombie (D:8)
  2 river rat simulacra (Lair:5)
  A plant (Lair:6)
691 creatures vanquished.

Vanquished Creatures (collateral kills)
  The ghost of Peloso the Carver, a journeyman DsFi of Okawaru (D:9)
  6 hydras
  A queen ant (D:15)
  3 two-headed ogres
  2 centaur warriors (D:13)
  A tengu warrior (D:13)
  Urug (Lair:4)
  2 lindwurms (Lair:6)
  2 deep elf magi
  A necromancer (Lair:5)
  A wolf spider zombie (D:12)
  2 ugly things
  A cyclops (Orc:2)
  An orc sorcerer (D:12)
  5 elephants (Lair:6)
  2 black mambas
  5 spiny frogs
  A rime drake (Lair:3)
  3 torpor snails (Lair:6)
  A centaur skeleton (D:12)
  5 komodo dragons
  2 trolls
  4 slime creatures
  5 hornets (Lair:6)
  A polar bear (D:12)
  2 tyrant leeches (Lair:6)
  5 blink frogs
  7 hippogriffs
  A spriggan (Lair:4)
  3 redbacks
  2 wyverns
  14 yaks
  A tarantella (Spider:1)
  A vampire mosquito (D:12)
  A hungry ghost (D:12)
  2 porcupines
  A water moccasin (Lair:4)
  An orc warrior (D:13)
  A boggart (shapeshifter) (D:15)
  3 centaurs (D:14)
  6 wolves
  6 crocodiles
  6 killer bees (Orc:1)
  2 hounds
  A yak simulacrum (Lair:5)
  An adder (D:8)
  3 orcs
  3 kobolds (D:10)
  A river rat simulacrum (Lair:5)
  A fungus (Lair:1)
134 creatures vanquished.

Vanquished Creatures (others)
  An orc high priest (Orc:2)
  A wolf spider (Spider:1)
  A spiny frog (Lair:1)
  2 jumping spiders (Spider:1)
  2 blink frogs (Lair:1)
  A troll (D:8)
  5 redbacks (Spider:1)
  A tarantella (Spider:1)
  A vampire mosquito (D:10)
  A sky beast (D:15)
  2 slaves (D:5)
  40 fungi
  2 lurking horrors (Abyss:2)
  43 plants
103 creatures vanquished.

Grand Total: 928 creatures vanquished

Notes
Turn   | Place    | Note
-------+----------+-------------------------------------------
     0 | D:1      | Jannitor the Felid Chaos Knight began the quest for the Orb.
     0 | D:1      | Reached XP level 1. HP: 10/10 MP: 2/2
    84 | D:1      | XOM: silly message
    85 | D:1      | Reached XP level 2. HP: 14/14 MP: 3/3
   119 | D:1      | Reached skill level 1 in Stealth
   133 | D:1      | XOM: butterfly on damage
   597 | D:1      | XOM: 3-stop teleportation journey
   798 | D:1      | XOM is BORED!
   862 | D:2      | Reached XP level 3. HP: 17/17 MP: 4/4
   960 | D:2      | XOM: 2-stop teleportation journey
   967 | D:2      | XOM: butterfly on damage
  1007 | D:2      | XOM: 1-stop teleportation journey
  1243 | D:2      | Noticed a water moccasin
  1243 | D:2      | a worm changed into a water moccasin
  1243 | D:2      | XOM: polymorph worm -> water moccasin
  1363 | D:2      | XOM: god gift: 23 arrows
  1696 | D:3      | XOM: give mutations
  1696 | D:3      | Gained mutation: Your muscles are strong. (Str +2) [Xom's grace]
  1696 | D:3      | Gained mutation: You are partially covered in iridescent scales. (AC +2) [Xom's grace]
  1696 | D:3      | Gained mutation: Your muscles are very strong. (Str +4) [Xom's grace]
  1696 | D:3      | Gained mutation: You passively map a small area around you. [Xom's grace]
  1775 | D:3      | XOM: give mutations
  1775 | D:3      | Gained mutation: You are partially covered in icy blue scales. (AC +2) [Xom's grace]
  1775 | D:3      | Gained mutation: You are robust. (+10% HP) [Xom's grace]
  1775 | D:3      | Gained mutation: You are resistant to hostile enchantments. (MR+) [Xom's grace]
  1775 | D:3      | Gained mutation: You have a somewhat thin skeletal structure. (Dex +2, Stealth) [Xom's grace]
  1776 | D:3      | Reached XP level 4. HP: 22/23 MP: 5/5
  1800 | D:3      | XOM: give mutations
  1800 | D:3      | Lost mutation: You are partially covered in icy blue scales. (AC +2) [Xom's mischief]
  1800 | D:3      | Lost mutation: You are robust. (+10% HP) [Xom's mischief]
  1800 | D:3      | Gained mutation: You are frail. (-10% HP) [Xom's mischief]
  2310 | D:3      | XOM: give mutation
  2310 | D:3      | Lost mutation: You are resistant to hostile enchantments. (MR+) [Xom's mischief]
  2741 | D:4      | Noticed Tali's ghost (amateur DsBe)
  2838 | D:4      | Noticed Ijyb
  2844 | D:4      | XOM: enchant monster (bad)
  2849 | D:4      | XOM: confusion (+ monsters)
  2862 | D:4      | XOM: harmless Necr miscast
  2878 | D:4      | Killed Tali's ghost
  2878 | D:4      | Reached skill level 4 in Fighting
  2878 | D:4      | Reached skill level 5 in Unarmed Combat
  2878 | D:4      | Reached XP level 5. HP: 20/22 MP: 6/6
  2878 | D:4      | Gained mutation: You are covered in thick fur. (AC +2) [Felid growth]
  2878 | D:4      | Reached XP level 6. HP: 23/25 MP: 7/7
  2903 | D:4      | Reached skill level 5 in Dodging
  3005 | D:4      | XOM: enchant monster (good)
  3052 | D:4      | Paralysed by Ijyb for 4 turns
  3063 | D:4      | Killed Ijyb
  3332 | D:4      | XOM: god gift: great sword {god gift}
  3433 | D:4      | Noticed Sigmund
  3582 | D:5      | Entered Level 5 of the Dungeon
  3597 | D:5      | Found a stormy altar of Qazlal.
  3614 | D:5      | Noticed an ice beast
  3620 | D:5      | XOM: butterfly on damage
  3629 | D:5      | XOM: cleaving
  3631 | D:5      | an ice beast changed into a centaur
  3631 | D:5      | XOM: polymorph ice beast -> centaur
  3632 | D:5      | Noticed a porcupine
  3632 | D:5      | a centaur changed into a porcupine
  3632 | D:5      | XOM: polymorph centaur -> porcupine
  3635 | D:5      | Noticed a steam dragon
  3635 | D:5      | a porcupine changed into a steam dragon
  3637 | D:5      | XOM: cleaving
  3658 | D:5      | Noticed a porcupine
  3775 | D:5      | Found a staircase to the Ecumenical Temple.
  3784 | Temple   | Entered the Ecumenical Temple
  4081 | D:5      | Noticed a slave
  4081 | D:5      | Noticed a slave
  4086 | D:5      | Noticed Pikel
  4088 | D:5      | Noticed a slave
  4089 | D:5      | Noticed a slave
  4180 | D:5      | XOM: give mutations
  4180 | D:5      | Gained mutation: You have a pair of small horns on your head. [Xom's grace]
  4180 | D:5      | Gained mutation: You are agile. (Dex +2) [Xom's grace]
  4196 | D:5      | XOM: summons friendly shadow imp
  4199 | D:5      | Killed a slave
  4199 | D:5      | Killed a slave
  4199 | D:5      | XOM: divine lightning
  4317 | D:6      | XOM: medium Conj miscast
  4543 | D:6      | Noticed Duvessa
  4550 | D:5      | XOM: butterfly on damage
  4784 | D:5      | Found a runed door.
  4896 | D:5      | Killed a slave
  4898 | D:5      | XOM: cast spell 'Leda's Liquefaction'
  5118 | D:5      | Reached skill level 1 in Evocations
  5118 | D:5      | Reached XP level 7. HP: 29/29 MP: 8/8
  5289 | D:5      | XOM: scenery: create altars
  5308 | D:5      | XOM: butterfly on damage
  5312 | D:5      | Slain by a phantom
  5313 | D:5      | Reached XP level 6. HP: -2/26 MP: 7/7
  5411 | D:5      | XOM: harmless Hex miscast
  5453 | D:5      | XOM: confuse monster(s)
  5457 | D:5      | Reached skill level 5 in Stealth
  5511 | D:5      | Reached XP level 7. HP: 29/29 MP: 9/9
  5570 | D:5      | Noticed Edmund
  5571 | D:5      | Noticed Prince Ribbit
  5590 | D:5      | Killed Prince Ribbit
  5722 | D:4      | Killed Sigmund
  5722 | D:4      | Reached skill level 5 in Fighting
  5891 | D:6      | Found a blossoming altar of Fedhas.
  5911 | D:6      | Noticed Blork the orc
  5919 | D:6      | XOM: summons friendly crimson imp
  5926 | D:6      | Reached XP level 8. HP: 33/33 MP: 11/11
  5965 | D:6      | Noticed Dowan
  5985 | D:6      | Killed Blork the orc
  6024 | D:6      | Learned a level 3 spell: Ozocubu's Armour
  6029 | D:6      | Learned a level 4 spell: Summon Ice Beast
  6061 | D:6      | XOM: 1-stop teleportation journey
  6117 | D:6      | Reached skill level 1 in Charms
  6144 | D:6      | XOM: god gift: scroll labeled FOUKUYHYHO {god gift}
  6244 | D:6      | Reached skill level 1 in Spellcasting
  6244 | D:6      | Reached skill level 1 in Ice Magic
  6388 | D:7      | XOM: polymorph killer bee -> howler monkey
  6407 | D:7      | XOM: cleaving
  6498 | D:7      | XOM: cast spell 'Necromutation'
  6510 | D:7      | Noticed VanClaymore's ghost (novice OpTm)
  6514 | D:6      | XOM: god gift: wand of enslavement (19)
  6691 | D:7      | Found a sacrificial altar of Ru.
  6771 | D:7      | XOM: god gift: scroll of noise
  6802 | D:7      | Reached XP level 9. HP: 36/36 MP: 13/13
  6971 | D:7      | XOM: give mutations
  6971 | D:7      | Gained mutation: You possess an exceptional clarity of mind. [Xom's grace]
  6971 | D:7      | Gained mutation: You have a moderately thin skeletal structure. (Dex +4, Stealth+) [Xom's grace]
  7276 | D:7      | XOM: scenery: create altars
  7472 | D:7      | XOM: fog
  7478 | D:7      | XOM: divination: magic mapping
  7479 | D:7      | XOM: destruction
  7480 | D:7      | Killed VanClaymore's ghost
  7488 | D:7      | XOM: noise
  7492 | D:7      | Reached skill level 5 in Charms
  7959 | D:8      | XOM: confuse monster(s)
  8005 | D:8      | XOM: cloud trail
  8021 | D:8      | Noticed a troll
  8023 | D:8      | XOM: polymorph bullfrog -> jelly
  8029 | D:8      | XOM: scenery: create altars
  8034 | D:8      | XOM: polymorph jelly -> adder
  8041 | D:8      | Noticed a two-headed ogre
  8057 | D:8      | Killed a two-headed ogre
  8076 | D:8      | Found a sand-covered staircase.
  8142 | Ossuary  | Entered an ossuary
  8172 | Ossuary  | XOM: scenery: create altars
  8422 | D:8      | XOM: summons 2 friendly demons
  8423 | D:8      | XOM: scenery: create altars
  8442 | D:8      | XOM: summons 4 friendly demons
  8451 | D:8      | Reached XP level 10. HP: 33/39 MP: 18/18
  8484 | D:8      | Reached skill level 5 in Spellcasting
  8484 | D:8      | Reached skill level 5 in Ice Magic
  8518 | D:8      | XOM: enchant monster (good)
  8766 | D:7      | XOM: mild Summ miscast
  8772 | D:7      | XOM: noise
  9078 | D:8      | XOM: divination: detect creatures
  9265 | D:8      | XOM: cast spell 'Alistair's Intoxication'
  9413 | D:8      | Noticed an ettin
  9420 | D:8      | XOM: summons 8 friendly demons
  9423 | D:8      | Noticed a water nymph
  9423 | D:8      | an ettin changed into a water nymph
  9475 | D:8      | Noticed a deep troll
  9487 | D:8      | XOM: fog
  9495 | D:8      | XOM: enchant monster (good)
  9506 | D:8      | XOM: polymorph yak -> golden eye
  9509 | D:8      | XOM: scenery: create altars
  9511 | D:8      | XOM: summons friendly ufetubus
  9519 | D:8      | Noticed a manticore
  9519 | D:8      | a swamp worm changed into a manticore
  9628 | D:8      | Noticed a guardian serpent
  9631 | D:8      | Found a staircase to the Lair.
  9631 | D:8      | XOM: 8-stop teleportation journey
  9667 | D:9      | Noticed Peloso's ghost (journeyman DsFi)
  9676 | D:9      | Noticed Gastronok
 10798 | D:8      | XOM: scenery: create altars
 10812 | Lair:1   | Entered Level 1 of the Lair of Beasts
 10872 | Lair:1   | Noticed an oklob plant
 10884 | Lair:1   | XOM: divination: detect creatures
 10892 | Lair:1   | Noticed a six-headed hydra
 10933 | Lair:1   | Noticed a spiny frog
 10959 | Lair:1   | XOM: enchant monster (good)
 10960 | Lair:1   | Reached skill level 1 in Summonings
 10971 | Lair:1   | Killed a six-headed hydra
 11010 | Lair:1   | XOM: butterfly on damage
 11170 | D:8      | XOM: god gift: 6 curare-tipped needles
 11276 | Lair:1   | XOM: summons friendly crimson imp
 11291 | Lair:1   | Reached XP level 11. HP: 36/43 MP: 14/21
 11388 | Lair:1   | Noticed a seven-headed hydra
 11420 | Lair:1   | Killed a seven-headed hydra
 12265 | Lair:1   | XOM: 2-stop teleportation journey
 12390 | Lair:2   | Reached skill level 5 in Summonings
 12630 | Lair:2   | XOM: god gift: scroll labeled CEATAK PUSOWUO {god gift}
 12643 | Lair:2   | XOM: divination: detect creatures
 12731 | Lair:2   | XOM: summons 1 hostile shadow creature
 12733 | Lair:2   | Reached skill level 6 in Fighting
 13145 | Lair:2   | XOM: summons 5 friendly demons
 13366 | Lair:2   | XOM: harmless Summ miscast
 13373 | Lair:2   | XOM: summons 5 hostile demons
 13417 | Lair:2   | XOM: harmless Chrm miscast
 13531 | Lair:2   | XOM: give mutation
 13531 | Lair:2   | Gained mutation: You have a pair of horns on your head. [Xom's grace]
 13732 | Lair:2   | XOM: cleaving
 13733 | Lair:2   | XOM: summons friendly quasit
 13743 | Lair:2   | XOM: cast spell 'Call Canine Familiar'
 13991 | Lair:2   | XOM: divination: detect items
 14004 | Lair:2   | XOM: noise
 14006 | Lair:2   | Reached skill level 7 in Fighting
 14224 | Lair:3   | XOM: noise
 14347 | Lair:2   | XOM is BORED!
 14347 | Lair:2   | XOM: mild Chrm miscast
 14376 | Lair:2   | XOM: swap monsters
 14688 | Lair:3   | You fall through a shaft!
 14719 | Lair:4   | Found a staircase to the Swamp.
 14736 | Lair:4   | XOM: potion effect (heal wounds)
 15008 | Lair:4   | Noticed Urug
 15356 | Lair:4   | XOM: god gift: 20 gold pieces
 15574 | Lair:4   | XOM: butterfly on damage
 15576 | Lair:4   | XOM: destruction
 15596 | Lair:4   | Reached skill level 8 in Fighting
 15806 | Lair:4   | Noticed a seven-headed hydra
 15806 | Lair:4   | XOM: 3-stop teleportation journey
 15823 | Lair:4   | Found an ancient bone altar of Kikubaaqudgha.
 15835 | Lair:4   | XOM: 2-stop teleportation journey
 15880 | Lair:4   | Identified Useladoti's Catalogue of Heat
 15890 | Lair:4   | XOM: polymorph ice beast -> rime drake
 15902 | Lair:4   | Killed a seven-headed hydra
 15936 | Lair:4   | XOM: 2-stop teleportation journey
 16345 | Lair:3   | Gained mutation: Your thick and shaggy fur keeps you warm. (AC +3, rC+) [Felid growth]
 16345 | Lair:3   | Reached XP level 12. HP: 50/50 MP: 22/22
 16463 | Lair:3   | XOM: give mutation
 16463 | Lair:3   | Lost mutation: You are agile. (Dex +2) [Xom's mischief]
 16494 | Lair:3   | XOM: mild Fire miscast
 16508 | Lair:3   | XOM: 4-stop teleportation journey
 16518 | Lair:3   | XOM: 1-stop teleportation journey
 16535 | Lair:3   | XOM: summons 4 hostile shadow creatures
 16620 | Lair:4   | Found a hole to the Spider Nest.
 17038 | Lair:5   | XOM: mild Conj miscast
 17199 | Lair:5   | Reached skill level 9 in Fighting
 17275 | Lair:5   | XOM: silly message
 17400 | Lair:5   | XOM: noise
 17804 | Lair:5   | XOM: polymorph ice beast -> eye of draining
 17809 | Lair:5   | XOM: fog
 17826 | Lair:5   | XOM is BORED!
 17826 | Lair:5   | XOM: summons 6 hostile demons
 18237 | Lair:6   | Entered Level 6 of the Lair of Beasts
 18237 | Lair:6   | Noticed a four-headed hydra
 18238 | Lair:6   | Noticed an eight-headed hydra
 18277 | Lair:3   | XOM: 2-stop teleportation journey
 18332 | Lair:3   | XOM: god gift: tubular pearl ring {god gift}
 18382 | Lair:3   | XOM: god gift: 16 gold pieces
 18406 | Lair:3   | Noticed a four-headed hydra
 18412 | Lair:3   | XOM: enchant monster (good)
 18416 | Lair:3   | Killed a four-headed hydra
 18459 | Lair:3   | XOM: give mutation
 18565 | D:9      | Noticed a two-headed ogre
 18565 | D:9      | XOM: confuse monster(s)
 18580 | D:9      | Noticed Maurice
 18583 | D:9      | XOM: enchant monster (good)
 18594 | D:9      | Noticed Gastronok
 18594 | D:9      | Gastronok changed into Gastronok the titan
 18594 | D:9      | XOM: polymorph Gastronok -> Gastronok the titan
 18743 | D:9      | XOM: divination: magic mapping
 18860 | D:9      | XOM: divination: detect items
 18861 | D:9      | XOM: divination: detect items
 18862 | D:10     | Entered Level 10 of the Dungeon
 19257 | D:10     | XOM: severe Ice miscast
 19281 | D:10     | Reached skill level 10 in Fighting
 19416 | D:10     | XOM: noise
 19459 | D:10     | XOM: silly message
 19517 | D:10     | XOM: noise
 19745 | D:10     | XOM: give mutations
 19745 | D:10     | Lost mutation: You passively map a small area around you. [Xom's mischief]
 19745 | D:10     | Gained mutation: You are very frail. (-20% HP) [Xom's mischief]
 19745 | D:10     | Lost mutation: Your muscles are very strong. (Str +4) [Xom's mischief]
 19823 | D:10     | Found a large runed door.
 19823 | D:10     | Found a large runed door.
 19888 | D:10     | Found a hide-covered altar of Uskayaw.
 19888 | D:10     | Noticed a storm dragon
 19891 | D:10     | Found an opulent altar of Gozag.
 19891 | D:10     | Noticed a fire giant
 20055 | D:11     | XOM: harmless Air miscast
 20091 | D:11     | XOM: butterfly on damage
 20094 | D:11     | Mangled by a manticore
 20095 | D:11     | Reached XP level 11. HP: -11/43 MP: 14/21
 20098 | D:11     | XOM: 3-stop teleportation journey
 20185 | D:11     | Reached skill level 10 in Summonings
 20220 | D:11     | Found Joucoucs's Book Boutique.
 20223 | D:11     | Bought a book of Transfigurations for 825 gold pieces
 20230 | D:11     | Learned a level 6 spell: Statue Form
 20386 | D:11     | Reached skill level 1 in Transmutations
 20397 | D:11     | Reached skill level 1 in Earth Magic
 20655 | D:12     | Noticed a two-headed ogre
 20664 | D:12     | Killed a two-headed ogre
 20684 | D:12     | Noticed a two-headed ogre
 20687 | D:12     | XOM: butterfly on damage
 20687 | D:12     | XOM: smoke on damage
 20689 | D:12     | Killed a two-headed ogre
 20690 | D:12     | Noticed a death knight
 21009 | D:12     | XOM: 1-stop teleportation journey
 21061 | D:12     | Noticed an orc sorcerer
 21061 | D:12     | Noticed a deep elf mage
 21086 | D:12     | Noticed a two-headed ogre
 21429 | D:12     | Reached XP level 12. HP: 33/46 MP: 10/22
 21487 | D:12     | XOM: 1-stop teleportation journey
 21530 | D:12     | Noticed a two-headed ogre
 21545 | D:12     | XOM: harmless Fire miscast
 21764 | D:12     | XOM: cast spell 'Shadow Creatures'
 21780 | D:12     | XOM: harmless Necr miscast
 21851 | D:12     | Killed a two-headed ogre
 22151 | D:12     | XOM: mild Conj miscast
 22195 | D:12     | XOM: enchant monster (bad)
 22198 | D:12     | Killed a two-headed ogre
 22239 | D:12     | XOM: give mutations
 22239 | D:12     | Lost mutation: You possess an exceptional clarity of mind. [Xom's mischief]
 22239 | D:12     | Gained mutation: You possess an exceptional clarity of mind. [Xom's mischief]
 22239 | D:12     | Gained mutation: You are clumsy. (Dex -2) [Xom's mischief]
 22239 | D:12     | Lost mutation: You are clumsy. (Dex -2) [Xom's mischief]
 22295 | D:12     | Reached skill level 5 in Transmutations
 22386 | D:13     | Noticed an eight-headed hydra
 22402 | D:13     | XOM: medium Air miscast
 22403 | D:13     | XOM: swap monsters
 22413 | D:13     | XOM: cleaving
 22418 | D:13     | XOM: confuse monster(s)
 22424 | D:13     | Killed an eight-headed hydra
 22555 | D:13     | XOM: noise
 22559 | D:13     | Noticed a tengu warrior
 22560 | D:13     | Noticed a centaur warrior
 22670 | D:12     | XOM: mild Erth miscast
 22807 | D:12     | XOM: 3-stop teleportation journey
 22817 | D:12     | XOM: divination: detect creatures
 22863 | D:12     | XOM: confuse monster(s)
 22878 | D:12     | Killed a death knight
 23116 | D:12     | XOM: polymorph kobold demonologist -> polar bear
 23506 | D:12     | Noticed a two-headed ogre
 23521 | D:12     | XOM: swap monsters
 23560 | D:12     | Killed a two-headed ogre
 23571 | D:12     | Reached skill level 5 in Earth Magic
 23843 | D:13     | Noticed a centaur warrior
 23844 | D:13     | XOM: butterfly on damage
 23853 | D:13     | Killed a centaur warrior
 23964 | D:13     | XOM: medium Tmut miscast
 24167 | D:12     | XOM: severe Tmut miscast
 24167 | D:12     | Lost mutation: Your muscles are strong. (Str +2) [the severe capriciousness of Xom]
 24390 | D:13     | HP: 1/46 [tengu warrior/arrow (18)]
 24397 | D:13     | Killed a tengu warrior
 24576 | D:13     | Killed a centaur warrior
 24687 | D:13     | Noticed a centaur warrior
 24698 | D:13     | HP: 2/46 [centaur warrior/arrow (15)]
 25121 | D:8      | XOM: harmless Pois miscast
 25207 | D:8      | XOM: noise
 25610 | Lair:3   | XOM: summons 8 friendly demons
 25867 | Lair:3   | XOM: cloud trail
 25969 | Lair:4   | XOM: butterfly on damage
 25973 | Lair:4   | Killed Urug
 26278 | Lair:6   | XOM: cleaving
 26283 | Lair:6   | XOM: summons 6 friendly demons
 26289 | Lair:6   | XOM: scenery: create altars
 26292 | Lair:6   | XOM: enchant monster (bad)
 26416 | Lair:6   | XOM: scenery: create altars
 26509 | Lair:6   | XOM: confuse monster(s)
 26524 | Lair:5   | XOM: mild Fire miscast
 26565 | Lair:6   | Found a staircase to the Slime Pits.
 26616 | Lair:6   | XOM: confuse monster(s)
 26629 | Lair:6   | XOM: divination: magic mapping
 26643 | Lair:6   | Reached XP level 13. HP: 41/48 MP: 23/23
 26645 | Lair:6   | XOM: divination: detect creatures
 26651 | Lair:6   | XOM: swap monsters
 26841 | Lair:6   | XOM: god gift: 16 stones
 27068 | Lair:6   | XOM: cleaving
 27128 | Lair:6   | XOM: fake destruction
 27262 | Lair:5   | XOM: harmless Tmut miscast
 27298 | Lair:6   | XOM: polymorph ice beast -> shapeshifter
 27336 | Lair:6   | XOM: summons 3 hostile shadow creatures
 27558 | Lair:6   | XOM: blink monster(s)
 27766 | Lair:6   | XOM: fog
 27909 | Lair:6   | XOM: harmless Hex miscast
 28045 | Lair:6   | XOM: enchant monster (good)
 28420 | Lair:5   | XOM: medium Conj miscast
 28562 | Lair:6   | XOM: divination: detect creatures
 28576 | Lair:6   | XOM: enchant monster (good)
 28749 | Lair:6   | XOM: blink monster(s)
 29154 | Lair:6   | Reached skill level 10 in Transmutations
 29243 | Lair:6   | Found a runed door.
 29252 | Lair:6   | Paralysed by a hornet for 2 turns
 29386 | Lair:6   | XOM: smoke on damage
 29415 | Lair:6   | Paralysed by a hornet for 3 turns
 29471 | Lair:5   | XOM: summons 6 hostile demons
 29615 | Lair:6   | XOM: summons 1 hostile shadow creature
 29891 | Lair:6   | XOM: fog
 30058 | Lair:6   | XOM: enchant monster (good)
 30069 | Lair:6   | XOM: harmless Tmut miscast
 30083 | Lair:6   | XOM: god gift: small diamond ring {god gift}
 30497 | Lair:6   | XOM: give mutations
 30497 | Lair:6   | Gained mutation: You are resistant to hostile enchantments. (MR+) [Xom's grace]
 30497 | Lair:6   | Gained mutation: Your skin changes colour to match your surroundings (Stealth+). [Xom's grace]
 30931 | Lair:4   | XOM: give mutations
 30931 | Lair:4   | Lost mutation: You have a pair of horns on your head. [Xom's mischief]
 30931 | Lair:4   | Gained mutation: [You occasionally shout uncontrollably at your foes.] [Xom's mischief]
 30931 | Lair:4   | Lost mutation: You have a moderately thin skeletal structure. (Dex +4, Stealth+) [Xom's mischief]
 30931 | Lair:4   | Lost mutation: You have a pair of small horns on your head. [Xom's mischief]
 31015 | D:9      | Killed Maurice
 31018 | D:9      | XOM: summons friendly white imp
 31205 | D:8      | XOM: confuse monster(s)
 31677 | D:8      | XOM: scenery: create altars
 31842 | D:9      | XOM: scenery: create altars
 31877 | D:9      | Found a staircase to the Orcish Mines.
 31961 | Orc:1    | Entered Level 1 of the Orcish Mines
 32110 | Orc:2    | Entered Level 2 of the Orcish Mines
 32110 | Orc:2    | Found Ubiusipn's Book Shop.
 32110 | Orc:2    | Found a staircase to the Elven Halls.
 32110 | Orc:2    | Noticed an ettin
 32118 | Orc:2    | Noticed Saint Roka
 32203 | Orc:1    | XOM: scenery: create altars
 32305 | D:9      | Killed Gastronok the titan
 32963 | D:13     | Learned a level 6 spell: Iron Shot
 32975 | D:13     | XOM: god gift: spear {god gift}
 32976 | D:13     | XOM: harmless Hex miscast
 33035 | D:13     | XOM: noise
 33381 | D:13     | Reached XP level 14. HP: 52/52 MP: 16/24
 33433 | D:13     | XOM: summons 3 hostile demons
 33493 | D:13     | XOM: noise
 33521 | D:13     | XOM: silly message
 33572 | D:13     | XOM: divination: detect items
 33637 | D:14     | XOM: cast spell 'Call Canine Familiar'
 33705 | D:14     | XOM: medium Summ miscast
 34018 | D:14     | XOM: scenery: 3 doors open, 1 doors close
 34043 | D:14     | XOM: enchant monster (good)
 34087 | D:14     | XOM: god gift: wand of paralysis (8)
 34603 | D:14     | XOM: god gift: plate armour {god gift}
 34709 | D:14     | Found a gate to the Vaults.
 34806 | D:14     | XOM: 1-stop teleportation journey
 34897 | D:14     | XOM: 1-stop teleportation journey
 35141 | D:15     | Entered Level 15 of the Dungeon
 35155 | D:15     | XOM: blink monster(s)
 35159 | D:15     | XOM: god gift: smoky purple potion {god gift}
 35506 | D:15     | Reached skill level 11 in Fighting
 35526 | D:15     | XOM: confuse monster(s)
 35541 | D:15     | Reached skill level 10 in Earth Magic
 35733 | D:15     | XOM: mild Summ miscast
 35733 | D:15     | Gained mutation: You are clumsy. (Dex -2) [mutagenic glow]
 36046 | D:15     | XOM: medium Ice miscast
 36431 | D:15     | XOM: summons friendly quasit
 36656 | D:15     | XOM: enchant monster (good)
 36665 | D:15     | XOM: polymorph purple ugly thing -> queen ant
 36671 | D:15     | XOM: divination: detect items
 36689 | D:15     | XOM: cast spell 'Summon Dragon'
 36698 | D:15     | XOM: divination: detect items
 36815 | D:15     | Found a staircase to the Depths.
 37326 | D:15     | XOM: fog
 37928 | Orc:1    | Noticed Josephine
 37944 | Orc:1    | XOM: harmless Fire miscast
 37945 | Orc:1    | Killed Josephine
 37954 | Orc:1    | Reached skill level 1 in Conjurations
 38313 | Orc:2    | Found Riehirphu's Antique Armour Emporium.
 38314 | Orc:2    | Noticed a stone giant
 38316 | Orc:2    | Hit by a large rock thrown by a cyclops
 38317 | Orc:2    | Reached XP level 13. HP: -1/65 MP: 7/23
 38317 | Orc:2    | Noticed an ettin
 38340 | Orc:2    | Noticed Nessos
 38361 | Orc:2    | Killed an ettin
 38534 | Orc:2    | Noticed Sonja
 38548 | Orc:2    | HP: 2/65 [Nessos/arrow (17)]
 38548 | Orc:2    | Shot with an arrow by Nessos
 38549 | Orc:2    | Reached XP level 12. HP: -1/62 MP: 22/22
 38592 | Orc:2    | Found Vygakas's General Store.
 38663 | Orc:1    | XOM: mild Tloc miscast
 38663 | Orc:1    | XOM: smoke on damage
 38973 | Orc:1    | XOM: divination: detect items
 39121 | Orc:1    | XOM: divination: detect items
 39140 | Orc:1    | XOM: enchant monster (good)
 39150 | Orc:1    | XOM: cast spell 'Death Channel'
 39327 | Orc:1    | XOM: harmless Conj miscast
 39403 | D:9      | Killed Peloso's ghost
 39403 | D:9      | Reached skill level 10 in Dodging
 39403 | D:9      | Reached XP level 13. HP: 50/50 MP: 10/23
 39430 | D:9      | XOM: mild Ice miscast
 39508 | Lair:1   | XOM: mild Tmut miscast
 39739 | Lair:6   | XOM: polymorph wolf -> killer bee
 39772 | Lair:6   | XOM: cleaving
 39785 | Lair:6   | XOM: summons 3 friendly demons
 39801 | Lair:6   | XOM: noise
 39881 | Lair:6   | XOM: enchant monster (bad)
 39912 | Lair:6   | XOM: potion effect (brilliance)
 39963 | Lair:6   | XOM: scenery: create altars
 39965 | Lair:6   | XOM: scenery: create altars
 40073 | Lair:6   | XOM: give mutation
 40073 | Lair:6   | Gained mutation: You have an increased reservoir of magic. (+10% MP) [Xom's grace]
 40132 | Lair:6   | XOM: confuse monster(s)
 40170 | Lair:6   | XOM: scenery: create altars
 40202 | Lair:6   | XOM: harmless Conj miscast
 40267 | Spider:1 | Entered Level 1 of the Spider Nest
 40653 | Spider:1 | XOM: polymorph jumping spider -> guardian serpent
 40657 | Spider:1 | XOM: enchant monster (good)
 40668 | Spider:1 | XOM: divination: magic mapping
 40676 | Spider:1 | XOM: divine lightning
 40679 | Spider:1 | XOM: polymorph orb spider -> human
 40694 | Spider:1 | XOM: 3-stop teleportation journey
 40851 | Spider:1 | XOM: divine lightning
 40954 | Spider:1 | Noticed Louise
 40958 | Spider:1 | XOM: smoke on damage
 40982 | Spider:1 | Reached skill level 12 in Fighting
 40983 | Spider:1 | XOM: fog
 41002 | Spider:1 | Cast into level 2 of the Abyss (Louise)
 41019 | Abyss:2  | XOM: give mutations
 41019 | Abyss:2  | Lost mutation: You are clumsy. (Dex -2) [Xom's mischief]
 41019 | Abyss:2  | Lost mutation: Your skin changes colour to match your surroundings (Stealth+). [Xom's mischief]
 41019 | Abyss:2  | Gained mutation: You are weak. (Str -2) [Xom's mischief]
 41081 | Abyss:2  | XOM: mild Ice miscast
 41132 | Abyss:2  | Noticed a starcursed mass
 41141 | Abyss:2  | XOM: fog
 41145 | Abyss:2  | Noticed a bone dragon
 41149 | Abyss:2  | XOM: confuse monster(s)
 41338 | Abyss:2  | XOM: enchant monster (bad)
 41343 | Abyss:2  | XOM: enchant monster (bad)
 41424 | Abyss:2  | XOM: give mutation
 41424 | Abyss:2  | Lost mutation: You possess an exceptional clarity of mind. [Xom's mischief]
 41435 | Abyss:2  | XOM: confuse monster(s)
 41441 | Abyss:2  | XOM: cast spell 'Summon Ice Beast'
 41445 | Abyss:2  | Noticed a blizzard demon
 41447 | Abyss:2  | Xom revived you
 41447 | Abyss:2  | Slain by a blizzard demon

Skill      XL: |  1  2  3  4  5  6  7  8  9 10 11 12 13 14 |
---------------+-------------------------------------------+-----
Stealth        | 1 2 3 5 6 |  6.4
Dodging        | 4 5 6 10 11 9 | 11.1
Unarmed Combat | 5 6 7 |  7.3
Fighting       | 4 5 8 10 12 11 | 12.0
Evocations     | 1 3 |  3.5
Charms         | 3 6 8 |  8.1
Spellcasting   | 2 4 6 |  6.1
Ice Magic      | 2 4 7 |  7.8
Summonings     | 3 10 9 | 10.0
Transmutations | 3 8 10 11 | 11.9
Earth Magic    | 3 6 11 10 | 11.0
Conjurations   | 2 4 1 |  4.1

Action                   |  1- 3 |  4- 6 |  7- 9 | 10-12 | 13-15 || total
-------------------------+-------+-------+-------+-------+-------++-------
Melee: Unarmed           |   112 |   127 |   292 |   999 |  1150 ||  2680
       Bite              |     3 |     7 |    32 |   126 |   118 ||   286
       Punch             |       |     3 |    14 |    34 |    47 ||    98
       Headbutt          |       |    10 |    61 |   183 |    78 ||   332
 Cast: Ozocubu's Armour  |       |       |     3 |    86 |    25 ||   114
       Summon Ice Beast  |       |       |       |   211 |   100 ||   311
       Statue Form       |       |       |       |     9 |    59 ||    68
       Iron Shot         |       |       |       |       |     1 ||     1
Evoke: Wand              |       |    13 |    11 |    54 |    61 ||   139
  Use: Scroll            |     1 |     9 |     7 |     9 |     7 ||    33
       Potion            |       |     2 |     5 |    20 |     9 ||    36
 Stab: Sleeping          |     5 |    18 |    11 |    48 |     5 ||    87
       Confused          |       |     3 |     1 |     1 |       ||     5
       Paralysed         |       |     1 |     3 |     1 |       ||     5
       Invisible         |       |       |     3 |       |     1 ||     4
       Distracted        |       |       |     1 |     5 |     5 ||    11
       Petrified         |       |       |       |       |     3 ||     3
  Eat: Chunk             |     4 |     5 |    16 |    76 |    84 ||   185
       Ration            |       |       |       |     4 |     2 ||     6
Armor: Skin              |     3 |    14 |    31 |   209 |   544 ||   801
Dodge: Dodged            |    94 |    70 |   310 |  1286 |  1969 ||  3729
